 Dungeon Crawl Stone Soup version 0.31.0-32-g396128a36d (webtiles) character file.

Game seed: 7639152447777641837

68 PaiMei the Grave Robber (level 4, -5/30 HPs)
             Began as a Demonspawn Necromancer on Apr 18, 2024.
             Slain by an orc priest
             ... wielding a +0 flail
              (10 damage)
             ... on level 3 of the Dungeon.
             The game lasted 00:02:46 (2579 turns).

PaiMei the Grave Robber (Demonspawn Necromancer)    Turns: 2579, Time: 00:02:46

Health: -5/30      AC:  2    Str:  8    XL:     4   Next: 1%
Magic:  0/7        EV: 12    Int: 18    God:
Gold:   169        SH:  4    Dex: 13    Spells: 7/8 levels left

rFire   . . .        d - +0 short sword (venom)
rCold   . . .        (no shield)
rNeg    . . .        a - +0 robe
rPois   .            (no helmet)
rElec   .            (no cloak)
rCorr   .            (no gloves)
SInv    .            (no boots)
Will    .....        (no amulet)
Stlth   ++           (no ring)
HPRegen 0.25/turn    (no ring)
MPRegen 0.10/turn

%: no passive effects
@: no status effects
A: condensation shield
a: no special abilities


You were on level 3 of the Dungeon.
You visited 1 branch of the dungeon, and saw 3 of its levels.

You collected 169 gold pieces.

Inventory:

Hand Weapons
 d - a +0 short sword of venom (weapon)
Missiles
 l - 5 poisoned darts (quivered)
Armour
 a - a +0 robe (worn)
 g - a +0 tower shield
Wands
 k - a wand of roots (4)
Scrolls
 c - 4 scrolls of identify {unknown}
 e - a scroll of revelation {unknown}
 f - a scroll of noise {unknown}
 i - a scroll of fear {unknown}
 j - a scroll of fog {unknown}
 n - a scroll of summoning {unknown}
 p - a scroll of poison {unknown}
 r - a scroll of immolation {unknown}
Potions
 b - a potion of magic
 h - a potion of brilliance {unknown}
 m - a potion of heal wounds {unknown}
 o - a potion of haste {unknown}
 q - a potion of lignification {unknown}


   Skills:
 + Level 2.4 Dodging
 + Level 2.5 Stealth
 + Level 2.6 Spellcasting
 + Level 4.9 Necromancy


You had 7 spell levels left.
You knew the following spells:

 Your Spells              Type           Power      Damage    Failure   Level
a - Necrotise             Necr           76%        1d7       2%          1

Your spell library contained the following spells:

 Spells                   Type           Power      Damage    Failure   Level
 Vampiric Draining        Necr           19%        2d7       7%          3
 Sting                    Conj/Alch      8%         1d3       17%         1
 Animate Dead             Necr           19%        N/A       22%         4
 Mercury Vapours          Alch/Air       4%         N/A       26%         2
 Curse of Agony           Necr           19%        N/A       54%         5
 Olgreb's Toxic Radiance  Alch           2%         N/A       86%         4


Dungeon Overview and Level Annotations

Branches:
Dungeon (3/15)

Altars:
Fedhas

Shops:
D:3 ?


Innate Abilities, Weirdness & Mutations

A meltable shield of frost defends you. (SH +4)


Message History

The orc priest closely misses you. You block the orc's attack.
Casting: Necrotise (safe; 2% risk of failure)
Confirm with . or Enter, or press ? or * to list all spells.
You don't know that spell.
Casting: Necrotise (safe; 2% risk of failure)
Confirm with . or Enter, or press ? or * to list all spells.
Aiming: Necrotise (safe; 2% risk of failure)
Press: ? - help, Shift-Dir - straight line, f - orc
Aim: an orc, wielding a +0 trident (lightly wounded, chance to affect: 88%)
The orc writhes in agony.
The orc priest hits you with a +0 flail!
The orc completely misses you.
You hit the orc.
You kill the orc!
The orc priest hits you with a +0 flail.
* * * LOW HITPOINT WARNING * * *
You have reached level 4!
You feel clever.
Casting: Necrotise (safe; 2% risk of failure)
Confirm with . or Enter, or press ? or * to list all spells.
Aiming: Necrotise (safe; 2% risk of failure)
Press: ? - help, Shift-Dir - straight line, f - orc priest
Aim: an orc priest, wielding a +0 flail (chance to affect: 78%)
The orc priest barely resists.
The orc priest hits you with a +0 flail.
* * * LOW HITPOINT WARNING * * *
Casting: Necrotise (safe; 2% risk of failure)
Confirm with . or Enter, or press ? or * to list all spells.
You don't have enough magic to cast this spell.
Casting: Necrotise (safe; 2% risk of failure)
Confirm with . or Enter, or press ? or * to list all spells.
You don't have enough magic to cast this spell.
You hit the orc priest.
The orc priest is poisoned.
The orc priest is lightly wounded.
The orc priest hits you with a +0 flail.
* * * LOW HITPOINT WARNING * * *
You closely miss the orc priest.
The orc priest is lightly wounded.
The orc priest hits you with a +0 flail!
You die...

###### #.# .....#
#.# .....# #.#######
.....######........
............#######
......##############
.....###8...%.....8#
......##.....8..)..#
#+###..'...#####@..#
..# ####...#.⌠.o...#
.#######..8#⌠∩⌠#:.!#
##.....#...#.⌠.#...+
.......#...### #...#
.......#.... ....#
...#####8.... ...8#
...# ####### #####
...#


You could see an orc priest (poisoned).

Vanquished Creatures
  2 adders (D:2)
  2 adder skeletons (D:2)
  2 orcs (D:3)
  4 bats
  A bat zombie (D:2)
  2 endoplasms
  2 giant cockroaches
  A goblin (D:2)
  4 hobgoblins
  2 quokkas (D:2)
  6 ball pythons
  A ball python zombie (D:2)
  2 frilled lizards (D:3)
  2 jackal zombies (D:2)
  3 kobolds
  2 quokka skeletons (D:2)
  5 rats
43 creatures vanquished.

Vanquished Creatures (collateral kills)
  A kobold (D:2)
1 creature vanquished.

Grand Total: 44 creatures vanquished

Notes
Turn   | Place    | Note
-------+----------+-------------------------------------------
     0 | D:1      | PaiMei the Demonspawn Necromancer began the quest for the
                  | Orb.
     0 | D:1      | Reached XP level 1. HP: 13/13 MP: 3/3
   643 | D:1      | Gained mutation: A meltable shield of frost defends you.
                  | (SH +4) [demonic ancestry]
   643 | D:1      | Reached XP level 2. HP: 17/19 MP: 0/5
  1161 | D:2      | Reached XP level 3. HP: 24/24 MP: 4/6
  1526 | D:2      | Found a faded altar of an unknown god.
  2401 | D:3      | Found a blossoming altar of Fedhas.
  2526 | D:3      | Noticed a scorpion
  2563 | D:3      | Found The Oracle's Delphic Readings.
  2577 | D:3      | Reached XP level 4. HP: 9/30 MP: 1/7
  2579 | D:3      | Slain by an orc priest

Illustrated notes

Levels and vault maps discovered:
D:1:      eino_arrival_cavern_b, layout_basic
D:2:      layout_basic, shapermc_ecumenical_altar_mp_vishouse, serial_undead,
          serial_undead_e, serial_undead_b, serial_undead_e, serial_undead_e,
          serial_undead_e, serial_undead_a, serial_undead_a, hex_medium
D:3:      layout_basic, marbit_many_paths, chequers_serial_rivers_large_a,
          nicolae_nh_oracle_at_delphi

Skill      XL: |  1 |
---------------+----+-----
Stealth        | 2 |  2.5
Dodging        | 2 |  2.4
Spellcasting   | |  2.6
Necromancy     | |  4.9

Action                     |  1- 3 |  4- 6 || total
---------------------------+-------+-------++-------
  Melee: Short sword       |    50 |     2 ||    52
         Punch             |     1 |       ||     1
   Cast: Necrotise         |    60 |     1 ||    61
   Stab: Sleeping          |     1 |       ||     1
 Armour: Robe              |    40 |     3 ||    43
  Dodge: Dodged            |    47 |       ||    47
  Block: Other             |    13 |       ||    13
